 Dungeon Crawl Stone Soup version 0.21.1-1-g345015f (webtiles) character file.

7168 Nurfield the Destroyer (level 10, -1/69 HPs)
             Began as a Demigod Wizard on Apr 29, 2018.
             Splashed by Erica's acid (13 damage)
             ... on level 10 of the Dungeon.
             The game lasted 01:59:38 (15352 turns).

Nurfield the Destroyer (Demigod Wizard)            Turns: 15352, Time: 01:59:39

Health: -1/69      AC: -5    Str: 12 (15) XL:     10   Next: 56%
Magic:  23/23      EV: 12    Int: 26 (28) God:
Gold:   526        SH:  0    Dex: 13 (14) Spells: 10/21 levels left

rFire    . . .     SeeInvis .   F - +0 long sword (slice)
rCold    + . .     Gourm    .   (no shield)
rNeg     . . .     Faith    .   a - +0 robe
rPois    .         Spirit   .   r - +1 helmet
rElec    .         Reflect  .   C - +0 cloak
rCorr    .         Harm     .   u - +1 pair of gloves
MR       +....                  (no boots)
Stlth    ++........             (no amulet)
HPRegen  0.21/turn              N - ring of protection from cold
MPRegen  0.18/turn              (no ring)

@: mighty, corroded, slowed, very slow
A: high mp 1
a: no special abilities


You were on level 10 of the Dungeon.
You were not hungry.

You visited 2 branches of the dungeon, and saw 11 of its levels.

You collected 526 gold pieces.

Inventory:

Hand Weapons
 g - a +1 dagger of chaos
 l - a +0 falchion
 t - a +0 trident of venom
 F - a +0 long sword of slicing (weapon)
 L - a +0 mace of protection
 M - a +1 halberd of protection
Missiles
 e - 60 poisoned needles
 m - a throwing net (quivered)
Armour
 a - a +0 robe (worn)
 b - a +0 hat
 r - a +1 helmet (worn)
 u - a +1 pair of gloves (worn)
 C - a +0 cloak (worn)
 H - a +0 cloak
 K - a +0 scale mail
Jewellery
 N - a ring of protection from cold (left hand)
Wands
 p - a wand of flame (61)
 z - a wand of iceblast (8)
Scrolls
 h - a scroll of immolation
 j - 6 scrolls of remove curse
 o - 2 scrolls of amnesia {unknown}
 s - 3 scrolls of enchant armour
 v - 3 scrolls of magic mapping {unknown}
 y - 7 scrolls of identify
 A - a scroll of blinking {unknown}
 E - a scroll of teleportation
 G - a scroll of fog {unknown}
Potions
 f - 2 potions of brilliance
 i - 4 potions of heal wounds
 k - 3 potions of mutation
 n - a potion of invisibility {unknown}
 q - 5 potions of curing
 w - a potion of berserk rage {unknown}
 x - a potion of might
 D - a potion of agility {unknown}
 I - a potion of degeneration
 J - a potion of ambrosia {unknown}
Books
 c - a book of Minor Magic

   Spells                             Type                      Level
   a - Magic Dart                     Conjuration                  1
   b - Blink                          Translocation                2
   c - Call Imp                       Summoning                    2
   d - Slow                           Hexes                        2
   e - Conjure Flame                  Conjuration/Fire             3
   f - Mephitic Cloud                 Conjuration/Poison/Air       3
 B - a book of Changes

   Spells                             Type                      Level
   a - Beastly Appendage              Transmutation                1
   b - Sticks to Snakes               Transmutation                2
   c - Spider Form                    Transmutation/Poison         3
   d - Ice Form                       Ice/Transmutation            4
   e - Blade Hands                    Transmutation                5
Comestibles
 d - 28 rations
 O - a chunk of flesh


   Skills:
 - Level 1.7 Dodging
 - Level 1.7 Stealth
 - Level 6.3 Spellcasting
 - Level 10.4 Conjurations
 + Level 8.9 Hexes
   Level 0.8 Summonings
 - Level 3.0 Translocations


You had 10 spell levels left.
You knew the following spells:

 Your Spells              Type           Power        Failure   Level  Hunger
b - Blink                 Tloc           N/A          3%          2    None
h - Slow                  Hex            ######..     1%          2    None
l - Magic Dart            Conj           ####         1%          1    None
m - Mephitic Cloud        Conj/Pois/Air  ####....     4%          3    None
n - Conjure Flame         Conj/Fire      #####...     2%          3    None


Dungeon Overview and Level Annotations

Branches:
Dungeon (10/15)            Temple (1/1) D:6             Orc (0/2) D:9
   Lair: D:8-11

Shops:
D:4 %   D:6 :

Annotations:
D:10 Erica


Innate Abilities, Weirdness & Mutations

You have an increased reservoir of magic. (+10% MP)


Message History

Casting: Slow
Confirm with . or Enter, or press ? or * to list all spells.
Okay, then.
You feel much better. Erica casts a spell at you.
The bolt of poison misses you.
Erica zaps a wand.
The bolt of acid hits you!
* * * LOW HITPOINT WARNING * * *
You are splashed with acid!
The acid burns!
* * * LOW HITPOINT WARNING * * *
Okay, then.
You feel much better.
Erica hits you with a scimitar of flaming!
* * * LOW HITPOINT WARNING * * *
Erica burns you.
* * * LOW HITPOINT WARNING * * *
You feel much better.
Erica zaps a wand.
The bolt of acid hits you!
* * * LOW HITPOINT WARNING * * *
The acid corrodes you!
You are splashed with acid!
The acid burns!
You die...

#..######.#
#.###.....
#..[......#
#.....####
##.######## #.###(#
#.....# #.# #####.#
#.# # #.# #.# ## #.#
###.#
.######>#####.#.###.#
.............#..@...#
.#.####.###.###@#####
##.###...#.## ##.#
##.....#..## ##@....#
...#.#...#.## ###..#
....###.###.## #
........# ##.#
##..##### ### ##..#


You could see Erica.

Vanquished Creatures
  2 two-headed ogres
  A gargoyle (D:10)
  Grinder (D:4)
  2 hippogriffs (D:9)
  Sigmund (D:3)
  Eustachio (D:4)
  A wyvern (D:10)
  A hungry ghost (D:8)
  3 sky beasts
  7 orc warriors
  3 black bears
  3 phantoms
  7 ogres
  A centaur (D:7)
  A crocodile (D:6)
  5 bullfrogs
  2 scorpions
  3 killer bees (D:9)
  5 wights (D:7)
  An electric eel (D:9)
  7 crimson imps
  A howler monkey (D:5)
  6 hounds
  6 orc priests
  A centaur zombie (D:8)
  A bullfrog skeleton (D:7)
  12 orc wizards
  Ijyb (D:3)
  Terence (D:3)
  An iguana (D:9)
  7 worker ants
  2 hound skeletons
  A worker ant zombie (D:7)
  3 gnolls (D:6)
  8 adders
  A howler monkey skeleton (D:7)
  A shadow imp (D:9)
  2 oozes
  3 adder zombies
  2 worms (D:2)
  2 dart slugs
  A leopard gecko (D:8)
  37 orcs
  4 giant cockroaches
  4 hobgoblins
  2 jackals (D:3)
  5 kobolds
  A quokka (D:10)
  A ball python (D:6)
  6 bats
  4 frilled lizards
  A giant cockroach zombie (D:6)
  6 goblins
  2 leopard gecko skeletons
  A leopard gecko zombie (D:8)
  4 rats
199 creatures vanquished.

Vanquished Creatures (others)
  An orc warrior (D:9)
  2 fungi (D:10)
  8 plants (D:10)
11 creatures vanquished.

Grand Total: 210 creatures vanquished

Notes
Turn   | Place    | Note
-------+----------+-------------------------------------------
     0 | D:1      | Nurfield the Demigod Wizard began the quest for the Orb.
     0 | D:1      | Reached XP level 1. HP: 14/14 MP: 6/6
   261 | D:1      | Reached skill level 1 in Conjurations
   388 | D:1      | Reached XP level 2. HP: 20/20 MP: 1/8
   392 | D:1      | Learned a level 2 spell: Blink
   949 | D:2      | Reached skill level 2 in Conjurations
  1221 | D:2      | Reached XP level 3. HP: 26/26 MP: 3/10
  1226 | D:2      | Learned a level 3 spell: Mephitic Cloud
  1660 | D:2      | Reached skill level 3 in Conjurations
  1767 | D:3      | Noticed Ijyb
  1808 | D:3      | Killed Ijyb
  1965 | D:3      | Reached XP level 4. HP: 27/33 MP: 5/11
  2088 | D:3      | Learned a level 3 spell: Conjure Flame
  2238 | D:3      | Noticed Sigmund
  2399 | D:4      | Reached skill level 4 in Conjurations
  2439 | D:4      | Noticed Eustachio
  2439 | D:4      | Noticed Grinder
  2596 | D:4      | Reached XP level 5. HP: 15/38 MP: 0/12
  3039 | D:4      | Found Idutuh's Food Emporium.
  3273 | D:3      | Noticed Terence
  3307 | D:3      | Killed Terence
  3517 | D:3      | Killed Sigmund
  3517 | D:3      | Reached XP level 6. HP: 45/45 MP: 5/16
  3521 | D:3      | Learned a level 2 spell: Slow
  3870 | D:4      | Found a shimmering altar of Xom.
  3893 | D:4      | Reached skill level 5 in Spellcasting
  4109 | D:4      | Killed Eustachio
  4109 | D:4      | Reached XP level 7. HP: 50/50 MP: 0/19
  4340 | D:5      | Entered Level 5 of the Dungeon
  4615 | D:5      | Reached skill level 1 in Hexes
  4617 | D:5      | Found a sparkling altar of Nemelex Xobeh.
  5908 | D:6      | Found Xydob's Book Shoppe.
  6077 | D:4      | Paralysed by Grinder for 2 turns
  6208 | D:5      | Reached skill level 5 in Conjurations
  6208 | D:5      | Reached XP level 8. HP: 57/57 MP: 12/21
  6342 | D:6      | Reached skill level 1 in Translocations
  6416 | D:6      | Found a staircase to the Ecumenical Temple.
  6421 | Temple   | Entered the Ecumenical Temple
  6836 | D:6      | Reached skill level 6 in Conjurations
  7304 | D:6      | Reached skill level 7 in Conjurations
  7605 | D:6      | Found a sparkling altar of Nemelex Xobeh.
  8061 | D:6      | Reached skill level 8 in Conjurations
  8061 | D:6      | Reached XP level 9. HP: 53/62 MP: 11/22
  8979 | D:4      | Paralysed by Grinder for 3 turns
  8989 | D:4      | Killed Grinder
  8989 | D:4      | Reached skill level 5 in Hexes
 10297 | D:8      | Found a basalt altar of Yredelemnul.
 10601 | D:8      | Noticed a two-headed ogre
 10630 | D:8      | Killed a two-headed ogre
 10630 | D:8      | Reached skill level 9 in Conjurations
 11492 | D:8      | Found a deep blue altar of Sif Muna.
 11685 | D:8      | Reached XP level 10. HP: 69/69 MP: 17/23
 11954 | D:9      | Found a blossoming altar of Fedhas.
 12313 | D:9      | Noticed a two-headed ogre
 12725 | D:9      | Killed a two-headed ogre
 12725 | D:9      | Reached skill level 10 in Conjurations
 13549 | D:9      | Found a radiant altar of Vehumet.
 14541 | D:9      | Found a staircase to the Orcish Mines.
 14677 | D:10     | Entered Level 10 of the Dungeon
 15341 | D:10     | Noticed Erica
 15352 | D:10     | Splashed by Erica's acid

Skill      XL: |  1  2  3  4  5  6  7  8  9 10 |
---------------+-------------------------------+-----
Spellcasting   | 3 4 5 6 |  6.3
Conjurations   | 1 2 3 4 5 8 9 10 | 10.4
Hexes          | 3 7 8 |  8.9
Translocations | 3 |  3.0
Dodging        | |  1.7
Stealth        | |  1.7
Summonings     | |  0.8

Action                   |  1- 3 |  4- 6 |  7- 9 | 10-12 || total
-------------------------+-------+-------+-------+-------++-------
Melee: Falchion          |    13 |     4 |    11 |       ||    28
       Long sword        |       |       |     1 |    16 ||    17
       Halberd           |       |       |       |     4 ||     4
 Cast: Magic Dart        |    99 |   105 |   523 |   209 ||   936
       Mephitic Cloud    |     1 |     4 |    12 |     7 ||    24
       Blink             |       |     2 |    13 |     2 ||    17
       Conjure Flame     |       |       |    53 |    42 ||    95
       Slow              |       |       |    17 |     9 ||    26
  Use: Scroll            |       |     5 |     4 |     3 ||    12
       Potion            |       |       |     1 |     6 ||     7
 Stab: Confused          |     2 |       |     1 |       ||     3
  Eat: Chunk             |     3 |     6 |    17 |     8 ||    34
       Ration            |       |       |     2 |     1 ||     3
Armor: Robe              |     2 |     3 |    16 |     1 ||    22
Dodge: Dodged            |    11 |    12 |    37 |    15 ||    75
       Rpst.: Falchion   |     2 |     3 |     9 |       ||    14
       Long sword        |       |       |     2 |     4 ||     6
